 Dungeon Crawl Stone Soup version 0.28-a0-1174-g766a6a42ef (webtiles) character file.

Game seed: 2122069036400434697

37 wakim the Cudgeller (level 3, -1/46 HPs)
             Began as a Palentonga Berserker on Dec 16, 2021.
             Was a Follower of Trog.
             Slain by Terence (7 damage)
             ... on level 2 of the Dungeon.
             The game lasted 00:04:38 (948 turns).

wakim the Cudgeller (Palentonga Berserker)           Turns: 948, Time: 00:04:38

Health: -1/46      AC:  4    Str: 22    XL:     3   Next: 23%
Magic:  3/3        EV:  9    Int:  7    God:    Trog [*.....]
Gold:   64         SH:  0    Dex:  9    Spells: 2/2 levels left

rFire   . . .      SeeInvis +   a - +0 mace
rCold   . . .      Faith    .   (no shield)
rNeg    . . .      Spirit   .   f - +0 animal skin
rPois   .          Reflect  .   (no helmet)
rElec   .          Harm     .   (no cloak)
rCorr   .          Rampage  .   (no gloves)
Will    .....                   (no barding)
Stlth   ..........              (no amulet)
HPRegen 0.15/turn               (no ring)
MPRegen 0.08/turn               (no ring)

@: berserking, very quick
A: large, rugged brown scales 3, see invisible, deformed body, roll 1, armoured
tail
a: Rolling Charge, Renounce Religion, Berserk


You were on level 2 of the Dungeon.
You worshipped Trog.
Trog was aware of your devotion.
You visited 1 branch of the dungeon, and saw 2 of its levels.

You collected 64 gold pieces.

Inventory:

Hand Weapons
 a - a +0 mace (weapon)
 b - a +4 dagger of venom
Missiles
 d - 8 poisoned darts
Armour
 f - a +0 animal skin (worn)
Potions
 F - a potion of curing


   Skills:
 + Level 3.3 Fighting
 * Level 3.8 Maces & Flails
 + Level 2.0 Armour
 - Level 1.5 Dodging


You had 2 spell levels left.
You didn't know any spells.
Your spell library was empty.

Dungeon Overview and Level Annotations

Branches:
Dungeon (2/15)

Altars:

Annotations:
D:2 Terence


Innate Abilities, Weirdness & Mutations

You are completely covered in rugged brown scales. (AC +3, +7% HP)
You have supernaturally acute eyesight. (SInv)
Armour fits poorly on your strangely shaped body.
You can roll at nearby foes to attack.
You have a long armoured tail.


Message History

You kill the hobgoblin!
Trog accepts your kill.
You see here a ball python corpse.
You roll forward with a clatter of scales!
You sock the rat!
You kill the rat!
Trog accepts your kill.
You hear a shout!
The endoplasm jiggles.
You hit the endoplasm but do no damage. The endoplasm freezes you.
You are frozen.
You hit the endoplasm but do no damage. You tail-slap the endoplasm.
You kill the endoplasm!
Trog accepts your kill.
You see here a rat corpse.
Terence the Incautious comes into view.
He is wielding a +0 flail and wearing a +2 chain mail of willpower.
Okay, then.
You roll forward with a clatter of scales!
Terence shouts!
You hit Terence but do no damage.
Your tail-slap misses Terence.
Terence hits you with a +0 flail.
Terence drinks a potion.
Terence seems to grow stronger.
A red film seems to cover your vision as you go berserk!
You feel yourself moving faster!
You feel mighty! Terence hits you with a +0 flail.
You hit Terence.
Terence is lightly wounded.
You barely miss Terence. You tail-slap Terence.
Terence is heavily wounded.
Terence hits you with a +0 flail!
* * * LOW HITPOINT WARNING * * *
You hit Terence. You tail-slap Terence.
Terence is severely wounded.
Terence hits you with a +0 flail!
* * * LOW HITPOINT WARNING * * *
You hit Terence.
Terence is almost dead.
Terence hits you with a +0 flail!
You die...

#......... #########
#(........ #..[.....
##.......## ##....<...
#.........#########.........
#.........##..†.............
#.........##.#######........
#.........#@.# #........
#.........@.## #####.###
#####.....†..############
#.# #..........#.#
#........# #†#
..##...#####.# #........#
#.# #.## #.# #........###.#
.. #.. #........#...# #..
##. #.....w..#.#### #.
...........#.#..#


You could see Terence (strong).

Vanquished Creatures
  A worm (D:2)
  A dart slug (D:1)
  4 ball pythons
  2 endoplasms
  2 giant cockroaches (D:1)
  6 goblins (D:1)
  6 hobgoblins
  A quokka (D:1)
  2 bats
  A frilled lizard (D:1)
  A kobold (D:1)
  3 rats
30 creatures vanquished.

Notes
Turn   | Place    | Note
-------+----------+-------------------------------------------
     0 | D:1      | wakim the Palentonga Berserker began the quest for the Orb.
     0 | D:1      | Reached XP level 1. HP: 19/19 MP: 1/1
   108 | D:1      | Reached XP level 2. HP: 24/25 MP: 2/2
   340 | D:1      | Found a faded altar of an unknown god.
   549 | D:1      | Reached XP level 3. HP: 19/31 MP: 3/3
   942 | D:2      | Noticed Terence
   948 | D:2      | Slain by Terence

Illustrated notes

Levels and vault maps discovered:
D:1:      dpeg_arrival_court, layout_loops_cross, basic_ecumenical_altar,
          minmay_strange_pillars, solitary_fountain,
          chequers_serial_rivers_micro_c, minivault_27
D:2:      layout_rooms, uniq_terence

Skill      XL: |  1  2 |
---------------+-------+-----
Armour         | 2 |  2.0
Fighting       | |  3.3
Maces & Flails | |  3.8
Dodging        | |  1.5

Action                   || total
-------------------------++-------
Melee: Mace              ||    80
       Tailslap          ||    12
Invok: Berserk           ||     2
 Abil: Rolling Charge    ||    27
  Use: Scroll            ||     1
Armor: Animal skin       ||    25
Dodge: Dodged            ||    27

Table legend: (Time is in decaauts)
 A = Elapsed time spent in this place.
 B = Non-inter-level travel time spent in this place.
 C = Inter-level travel time spent in this place.
 D = Time resting spent in this place.
 E = Time spent auto-exploring this place.
 F = Levels seen in this place.
 G = Mean time per level.
                   A        B        C        D        E       F      G
               +--------+--------+--------+--------+--------+-----+--------+
         Total |    974 |    907 |     67 |    113 |    172 |   2 |  487.0 |
       Dungeon |    974 |    907 |     67 |    113 |    172 |   2 |  487.0 |
               +--------+--------+--------+--------+--------+-----+--------+

Top non-repeatable levels by time:
     D:1: 831 daAuts
     D:2: 143 daAuts
